 Dungeon Crawl Stone Soup version 0.18.1-50-g88ac8fd (webtiles) character file.

20837 nikopol the Cleaver (level 12, -6/162 (165) HPs)
             Began as a Minotaur Berserker on Sept 24, 2016.
             Was a High Priest of Trog.
             Mangled by a seven-headed hydra (10 damage)
             ... on level 4 of the Lair of Beasts.
             The game lasted 00:31:05 (15004 turns).

nikopol the Cleaver (Minotaur Berserker)           Turns: 15004, Time: 00:31:06

HP:   -6/162 (165)  AC: 12    Str: 33    XL:     12   Next: 48%
MP:   2/2           EV: 17    Int:  4    God:    Trog [*****.]
Gold: 704           SH:  0    Dex: 13    Spells: 0 memorised, 11 levels left

rFire  . . .     SeeInvis .     a - +0 war axe
rCold  . . .     Gourm    .     I - +0 ring mail of the Prince of Darkness {rElec rCorr MP-9 Str+4}
rNeg   + . .     Faith    .     (no shield)
rPois  .         Spirit   .     (helmet restricted)
rElec  +         Dismiss  .     y - +0 cloak
rCorr  +         Reflect  .     o - +2 pair of gloves
SustAt .         Harm     .     (no boots)
MR     +....                    (no amulet)
Stlth  ..........               r - ring of positive energy
                                i - ring of protection from magic (curse)

@: berserking, very quick, somewhat resistant to hostile enchantments, extremely
unstealthy
A: retaliatory headbutt, horns 2
a: Berserk, Trog's Hand, Brothers in Arms, Burn Spellbooks, Renounce Religion


You were on level 4 of the Lair of Beasts.
You worshipped Trog.
Trog was extremely pleased with you.
You were hungry.

You visited 2 branches of the dungeon, and saw 14 of its levels.

You collected 704 gold pieces.

Inventory:

Hand Weapons
 a - a +0 war axe (weapon)
 z - a +0 shortbow
Missiles
 D - 233 arrows (quivered)
Armour
 o - a +2 pair of gloves (worn)
 w - a +0 chain mail of fire resistance
 y - a +0 cloak (worn)
 I - the +0 ring mail of the Prince of Darkness (worn) {rElec rCorr MP-9 Str+4}
   (You found it on level 2 of the Lair of Beasts)

   It affects your strength (+4).
   It insulates you from electricity.
   It affects your magic capacity (-9).
   It protects you from acid and corrosion.
Jewellery
 g - an uncursed ring of flight
 i - a cursed ring of protection from magic (left hand)
 r - a ring of positive energy (right hand)
 K - an uncursed ring of protection from magic
Wands
 t - a wand of paralysis (12/24)
 R - a wand of lightning (3/15)
Scrolls
 d - 2 scrolls of acquirement {unknown}
 j - 3 scrolls of recharging {unknown}
 m - 5 scrolls of identify
 n - a scroll of enchant weapon {unknown}
 p - 6 scrolls of remove curse
 q - 2 scrolls of teleportation {unknown}
 u - a scroll of immolation {unknown}
 x - 3 scrolls of random uselessness {unknown}
 C - a scroll of vulnerability {unknown}
 F - 3 scrolls of magic mapping {unknown}
 L - a scroll of fear {unknown}
 M - 4 scrolls of amnesia {unknown}
 N - a scroll of enchant armour {unknown}
 T - a scroll of silence {unknown}
Potions
 e - 5 potions of curing
 h - 3 potions of agility
 k - 3 potions of resistance
 s - 5 potions of might
 v - 3 potions of invisibility
 B - a potion of berserk rage
 E - a potion of haste
 G - a potion of flight
 H - 3 potions of heal wounds
 J - a potion of ambrosia
Comestibles
 b - a slice of pizza
 c - 8 bread rations
 f - 8 meat rations
 l - 5 chunks of flesh
 P - 24 fruits


   Skills:
 + Level 11.3 Fighting
 * Level 13.2 Axes
 * Level 9.8 Bows
 + Level 10.8 Armour
 + Level 10.2 Dodging


You had 11 spell levels left.
You didn't know any spells.

Dungeon Overview and Level Annotations

Branches:
Dungeon (10/15)            Temple (0/1) D:5            Lair (4/8) D:10
    Orc (0/2) D:10
  Swamp: Lair:3-6    Shoals: Lair:3-6     Snake: Lair:3-6    Spider: Lair:3-6

Altars:
Ashenzari
Cheibriados
Dithmenos
Gozag
Kikubaaqudgha
Okawaru
Pakellas
Qazlal
Trog
Xom
Yredelemnul
Zin

Shops:
D:9 (


Innate Abilities, Weirdness & Mutations

You reflexively headbutt those who attack you in melee.
You have a pair of horns on your head.


Message History

The six-headed hydra completely misses you.
The six-headed hydra barely misses you. The six-headed hydra bites you!
* * * LOW HITPOINT WARNING * * *
The six-headed hydra bites you but does no damage.
You hit the six-headed hydra.
The six-headed hydra is lightly wounded.
You barely miss the six-headed hydra. You headbutt the six-headed hydra!
The six-headed hydra is moderately wounded.
You chop one of the six-headed hydra's heads off!
The five-headed hydra grows two more!
You slice the seven-headed hydra!!
The seven-headed hydra is moderately wounded.
You hit the polar bear but do no damage.
The seven-headed hydra barely misses you.
You furiously retaliate!
You headbutt the seven-headed hydra! The seven-headed hydra bites you!
* * * LOW HITPOINT WARNING * * *
The seven-headed hydra bites you!
* * * LOW HITPOINT WARNING * * *
The seven-headed hydra bites you!
You die...

...........# ###.##
..........# #.#.# .........#
#####..# #........#
#.###.#### #......#
###...#.##.### ##.<..##
#..........#≈# #...#.#
##..†.....P≈P≈# #....##
#........≈PP≈.# #....##
#...#≈≈@≈PP≈≈P#
......####..#P.≈hD♣≈≈PP##
......#P#..P.≈P♣≈≈≈P≈P≈≈#
......#..≈PP≈≈♣≈≈PPPP.##....
.......≈)≈≈≈≈♣≈P≈....>.#....
.......≈≈≈≈♣≈♣≈≈P≈.####......
.......P≈≈≈♣♣≈≈P..## ....r.
.......PP≈≈≈♣♣≈≈≈## .....
.......PPP≈♣≈♣≈P≈. P#.


You could see a seven-headed hydra and a polar bear.

Vanquished Creatures
  2 hydras
  Erolcha (D:8)
  Pikel (D:6)
  A faun (Lair:1)
  A black mamba (Lair:1)
  A centaur skeleton (D:10)
  6 spiny frogs
  3 komodo dragons
  A rime drake (Lair:4)
  A two-headed ogre (D:10)
  A troll (D:9)
  7 blink frogs
  Sigmund (D:3)
  28 yaks
  4 hippogriffs
  9 crocodiles
  4 porcupines
  Duvessa (D:6)
  7 water moccasins
  4 orc warriors
  3 ice beasts
  10 necrophages
  A phantom (D:7)
  The ghost of jombi the Skirmisher, an amateur DsCK of Xom (D:3)
  7 ogres
  3 centaurs
  2 big kobolds
  12 giant frogs
  Dowan (D:6)
  3 scorpions
  6 killer bees (D:10)
  3 electric eels
  A howler monkey (D:10)
  5 crimson imps
  2 centaur zombies
  2 orc priests
  2 hounds
  6 jellies
  A giant frog skeleton (D:9)
  6 iguanas
  9 orc wizards
  10 worker ants
  2 worker ant zombies
  7 adders
  A howler monkey skeleton (D:8)
  5 river rats (Lair:4)
  3 shadow imps
  An adder skeleton (D:6)
  2 worms
  2 dart slugs
  8 giant geckos
  29 orcs
  3 bats
  10 giant cockroaches
  6 goblins
  4 hobgoblins
  10 jackals
  8 kobolds
  2 quokkas
  A giant gecko skeleton (D:7)
  A giant gecko zombie (D:8)
  5 giant newts
  A quokka skeleton (D:4)
  12 rats
  6 plants
309 creatures vanquished.

Vanquished Creatures (collateral kills)
  4 yaks (D:9)
  An orc warrior (D:9)
  An orc wizard (D:9)
6 creatures vanquished.

Vanquished Creatures (others)
  Menkaure (D:6)
  A slave (D:6)
  3 jackals (D:6)
  7 fungi
  17 plants (Lair:4)
29 creatures vanquished.

Grand Total: 344 creatures vanquished

Notes
Turn   | Place    | Note
--------------------------------------------------------------
     0 | D:1      | nikopol the Minotaur Berserker began the quest for the Orb.
     0 | D:1      | Reached XP level 1. HP: 19/19 MP: 0/0
   208 | D:1      | You fall through a shaft!
   217 | D:2      | Reached XP level 2. HP: 22/27 MP: 1/1
   652 | D:1      | Reached XP level 3. HP: 33/33 MP: 2/2
   871 | D:2      | Reached skill level 4 in Axes
  1092 | D:2      | Reached ** piety under Trog
  1100 | D:2      | Reached XP level 4. HP: 37/41 MP: 3/3
  1425 | D:3      | Reached XP level 5. HP: 30/47 MP: 4/4
  1694 | D:3      | Found a basalt altar of Yredelemnul.
  1698 | D:3      | Found an oddly glowing altar of Pakellas.
  1701 | D:3      | Found a snail-covered altar of Cheibriados.
  1744 | D:3      | Found a shimmering altar of Xom.
  1771 | D:3      | Noticed jombi's ghost (amateur DsCK)
  1779 | D:3      | Killed jombi's ghost
  1779 | D:3      | Reached skill level 5 in Fighting
  1779 | D:3      | Reached skill level 5 in Axes
  1930 | D:3      | Reached XP level 6. HP: 47/56 MP: 5/5
  1937 | D:3      | Noticed Sigmund
  1952 | D:3      | Killed Sigmund
  2046 | D:3      | Reached *** piety under Trog
  2435 | D:4      | Reached skill level 5 in Armour
  2435 | D:4      | Reached XP level 7. HP: 62/62 MP: 6/6
  2806 | D:5      | Entered Level 5 of the Dungeon
  2885 | D:5      | Found a shimmering altar of Xom.
  2885 | D:5      | Found a shadowy altar of Dithmenos.
  2894 | D:5      | Reached skill level 6 in Axes
  2942 | D:5      | Reached skill level 5 in Dodging
  3085 | D:4      | Found a shattered altar of Ashenzari.
  3085 | D:4      | Found a stormy altar of Qazlal.
  3207 | D:5      | Found a staircase to the Ecumenical Temple.
  3244 | D:5      | Reached XP level 8. HP: 55/71 MP: 7/7
  3465 | D:5      | Found a bloodstained altar of Trog.
  3465 | D:5      | Found an iron altar of Okawaru.
  3584 | D:6      | Reached **** piety under Trog
  3677 | D:6      | Noticed Duvessa
  3678 | D:6      | Noticed Dowan
  3684 | D:6      | Killed Duvessa
  3684 | D:6      | Reached skill level 7 in Axes
  3693 | D:6      | Killed Dowan
  4414 | D:6      | Noticed Pikel
  4423 | D:6      | Killed Pikel
  4423 | D:6      | Reached XP level 9. HP: 32/81 MP: 8/8
  4424 | D:6      | Reached skill level 8 in Axes
  4938 | D:6      | Killed Menkaure
  5260 | D:7      | Found a shadowy altar of Dithmenos.
  6266 | D:7      | Found an ancient bone altar of Kikubaaqudgha.
  6502 | D:8      | Reached skill level 9 in Axes
  6502 | D:8      | Reached skill level 1 in Bows
  6566 | D:8      | Noticed Erolcha
  6581 | D:8      | HP: 3/83 [Erolcha/enchanted giant spiked club (23)]
  6582 | D:8      | Killed Erolcha
  6582 | D:8      | Reached XP level 10. HP: 4/91 MP: 9/9
  6984 | D:8      | Received a gift from Trog
  7715 | D:9      | Reached ***** piety under Trog
  7815 | D:9      | Found Xusicepoc's Antique Weapon Shop.
  7850 | D:9      | Reached skill level 10 in Axes
  7855 | D:9      | HP: 1/136 [yak (9)]
  7869 | D:9      | HP: 1/91 [orc warrior/trident (14)]
  8059 | D:9      | Reached skill level 5 in Bows
  8299 | D:9      | Found a glowing silver altar of Zin.
  8309 | D:9      | Found an opulent altar of Gozag.
  8819 | D:10     | Entered Level 10 of the Dungeon
  8913 | D:10     | Found a staircase to the Lair.
  8997 | D:10     | Reached skill level 10 in Fighting
  9265 | D:10     | Reached XP level 11. HP: 98/98 MP: 10/10
  9278 | D:10     | Found a staircase to the Orcish Mines.
  9405 | Lair:1   | Entered Level 1 of the Lair of Beasts
  9624 | Lair:1   | Reached skill level 11 in Axes
  9629 | Lair:1   | Received a gift from Trog
  9763 | Lair:1   | Received a gift from Trog
 10674 | Lair:1   | Noticed an eight-headed hydra
 10687 | Lair:1   | Killed an 11-headed hydra
 10695 | Lair:1   | Reached skill level 10 in Armour
 11814 | Lair:2   | Reached skill level 12 in Axes
 12199 | Lair:2   | Got a dazzling ring mail
 12336 | Lair:2   | Found a shimmering altar of Xom.
 12599 | Lair:3   | Reached XP level 12. HP: 107/107 MP: 11/11
 13560 | Lair:3   | Noticed a six-headed hydra
 13575 | Lair:3   | Killed a ten-headed hydra
 13575 | Lair:3   | Reached skill level 13 in Axes
 13575 | Lair:3   | Reached skill level 10 in Dodging
 14454 | Lair:4   | Received a gift from Trog
 14732 | Lair:4   | Identified the +0 ring mail of the Prince of Darkness {rElec rCorr MP-9 Str+4} (You found it on level 2 of the Lair of Beasts)
 14992 | Lair:4   | Noticed a six-headed hydra
 15004 | Lair:4   | HP: 4/162 [seven-headed hydra (8)]
 15004 | Lair:4   | Mangled by a seven-headed hydra

Skill      XL: |  1  2  3  4  5  6  7  8  9 10 11 12 |
---------------+-------------------------------------+-----
Fighting       | 4 5 6 8 9 10 11 | 11.3
Axes           | 4 5 6 7 9 10 12 13 | 13.2
Armour         | 3 4 5 6 7 8 9 10 | 10.8
Dodging        | 3 4 5 6 7 8 9 10 | 10.2
Bows           | 2 6 8 9 |  9.8

Action                   |  1- 3 |  4- 6 |  7- 9 | 10-12 || total
-------------------------+-------+-------+-------+-------++-------
Melee: Hand axe          |    38 |       |       |       ||    38
       Headbutt          |    10 |    12 |    43 |   116 ||   181
       War axe           |    14 |    85 |   200 |   438 ||   737
 Fire: Shortbow          |       |       |    14 |   308 ||   322
Invok: Berserk           |       |     2 |     4 |     8 ||    14
       Burn Spellbooks   |       |       |     2 |     3 ||     5
       Trog's Hand       |       |       |       |     2 ||     2
       Brothers in Arms  |       |       |       |     1 ||     1
  Use: Scroll            |       |       |       |    13 ||    13
  Eat: Chunk             |       |     7 |    16 |    32 ||    55
       Beef jerky        |       |       |     1 |     1 ||     2
Armor: Animal skin       |     5 |       |       |       ||     5
       Ring mail         |     7 |    11 |       |    14 ||    32
       Scale mail        |       |    14 |    63 |    52 ||   129
       Chain mail        |       |       |       |   128 ||   128
Dodge: Dodged            |    38 |    60 |   115 |   326 ||   539
